Cogmind - Beta 16.1 @@@ ROGUE MODE // 2026.02.19 @ 15:11:30 Player: Thaleia Result: Destroyed by G-47 Trooper with Particle Gun Performance ------------- Evolutions (2) 1000 Regions Visited (3) 600 Robots Destroyed (35) 175 Value Destroyed (862) 862 Prototype IDs (0) 0 Alien Tech Used (0) 0 Bonus (0) 0 TOTAL SCORE: 2637 Bonus ------- None Cogmind --------- Core Integrity 0/550 Matter 265/300 Energy 92/100 System Corruption 0% Temperature Cool (10) Movement Flying (120) Ox1 Location -8/Materials Parts ------- > --- POWER (1) -------- (None) > --- PROPULSION (4) --- Xenon Bombardment Thruster > --- UTILITY (4) ------ Small Storage Unit > --- WEAPON (2) ------- Maul > --- INVENTORY (8) ---- Medium Storage Unit Improved Terrain Scan Processor Advanced Beam Rifle Shock Bomb Launcher Mini Grenade Launcher Heavy Flail Peak State ------------ > --- POWER ------------ Light Nuclear Core > --- PROPULSION ------- Flight Unit Flight Unit Flight Unit Flight Unit > --- UTILITY ---------- Small Storage Unit > --- WEAPON ----------- Mini Grenade Launcher Maul > --- INVENTORY -------- Flight Unit Flight Unit Medium Storage Unit Improved Terrain Scan Processor Advanced Beam Rifle Shock Bomb Launcher Maul [Rating: 13] Favorites ----------- Power Light Ion Engine Engine Light Ion Engine Power Core Light Nuclear Core Propulsion Aluminum Leg Leg Aluminum Leg Flight Unit Flight Unit Utility Small Storage Unit Device Weight Redist. System Storage Small Storage Unit Protection Light Armor Plating Weapon Light Assault Rifle Ballistic Gun Light Assault Rifle Launcher Grenade Launcher Impact Weapon Maul Build | -11 -10 -9 -8 ------- Run | Yrd Mat Mat Mat Slots Evolved 4 | . . 2 2 Power . | . . . . Propulsion 2 | . . 1 1 Utility 2 | . . 1 1 Weapon . | . . . . Parts Attached 30 | 5 5 9 11 Power 6 | 1 1 1 3 Engine 5 | 1 1 . 3 Core 1 | . . 1 . Reactor . | . . . . Propulsion 12 | 2 1 4 5 Treads . | . . . . Leg 4 | 2 1 1 . Wheel . | . . . . Hover . | . . . . Flight 8 | . . 3 5 Utility 5 | 1 2 1 1 Device 2 | . . 1 1 Storage 2 | 1 1 . . Processor . | . . . . Hackware . | . . . . Protection 1 | . 1 . . Artifact . | . . . . Weapon 7 | 1 1 3 2 Energy Gun . | . . . . Energy Cannon . | . . . . Ballistic Gun 1 | 1 . . . Ballistic Cannon . | . . . . Launcher 3 | . 1 1 1 Special Weapon . | . . . . Impact Weapon 3 | . . 2 1 Slashing Weapon . | . . . . Piercing Weapon . | . . . . Special Melee Weapon . | . . . . Unidentified Prototypes . | . . . . Parts Lost 17 | . 1 2 14 Power 6 | . 1 1 4 Propulsion 7 | . . . 7 Utility 2 | . . 1 1 Weapon 2 | . . . 2 Highest Loss Streak 7 | . 1 2 7 To Critical Strikes . | . . . . Average Backups 6 | . 4 9 7 Power . | . 1 . . Propulsion 1 | . 1 2 1 Utility 1 | . 1 2 2 Weapon 1 | . . 2 3 Tool/Special . | . . . . Unused Backups 9 | . . 2 7 Power . | . . . . Propulsion 1 | . . 1 . Utility 3 | . . 1 2 Weapon 5 | . . . 5 Tool/Special . | . . . . Average Slot Usage (%) 82 | . 93 83 63 Engine 9 | . 14 8 2 Core 1 | . . 2 3 Leg 16 | . 28 14 . Flight 13 | . . 17 30 Device 1 | . . 2 1 Storage 11 | . 14 11 9 Protection 6 | . 11 5 . Ballistic Gun 10 | . 14 11 3 Launcher 7 | . 10 5 3 Impact Weapon 3 | . . 5 8 Peak Build Rating 13 | 5 8 11 13 Average Rating 8 | 3 6 10 10 On Entrance 6 | . 5 8 11 Avg Prop Armor Cover (%) 22 | . . . 22 Naked Turns . | . . . . Heaviest Build 20 | 11 20 20 18 Greatest Support 30 | 20 20 30 16 Greatest Overweight (x) 5 | . . 5 4 Average Overweight (x) . | . . . . Largest Inventory Capacity 10 | 8 10 10 10 Average Capacity 8 | 6 8 10 8 Most Carried 10 | 1 8 10 9 Average Carried 6 | . 4 8 7 Final Capacity 10 | 8 10 10 8 Final Carried 9 | 1 8 9 6 Class Distribution -------------------- 87% | Mutant 12% | Sprinter Dominant Class ---------------- Mutant | -10/Materials Mutant | -9/Materials Sprinter | -8/Materials Resources | -11 -10 -9 -8 ----------- Run | Yrd Mat Mat Mat Matter Collected 873 | 200 127 184 362 Remotely . | . . . . Salvage Created 719 | . 412 113 194 Parts 50 | . 30 4 16 Haulers Intercepted 1 | . . . 1 Recyclers Shooed 2 | . 2 . . Parts Field Recycled . | . . . . Retrieved Matter . | . . . . Parts Self-Destructed . | . . . . Prevented . | . . . . Parts Restored . | . . . . Kills | -11 -10 -9 -8 ------- Run | Yrd Mat Mat Mat Combat Hostiles Destroyed 21 | . 11 2 8 Guns 2 | . 1 1 . AOE 19 | . 10 1 8 Classes Destroyed 9 | . 6 1 2 Worker 1 | . 1 . . Builder 7 | . 3 3 1 Tunneler 2 | . 2 . . Hauler 1 | . . . 1 Recycler 1 | . 1 . . Watcher 2 | . 2 . . Swarmer 4 | . . . 4 Grunt 14 | . 11 . 3 Sentry 3 | . . 2 1 Best Kill Streak 10 | . 6 3 10 Combat Bots Only 8 | . 4 1 8 Max Kills in Single Turn 4 | . 3 1 4 Gunslinging . | . . . . Exploded 4 | . 2 1 4 Melee . | . . . . Uniques/NPCs Destroyed . | . . . . Combat | -11 -10 -9 -8 -------- Run | Yrd Mat Mat Mat Hostile Shots Fired 145 | . 31 20 94 Missed 51 | . 11 6 34 Hits 94 | . 20 14 60 Projectile 94 | . 20 14 60 AOE 2 | . . . 2 Critical Strikes 5 | . . 3 2 Damage Taken 1792 | . 313 288 1191 Core 658 | . 61 34 563 Absorbed by Shields . | . . . . Core Remaining (%) 88 | 100 75 91 . Volleys Fired 48 | . 26 11 11 Largest 2 | . 2 2 1 Hottest 50 | . 50 50 30 Shots Fired 78 | . 49 18 11 Gun 37 | . 26 11 . Cannon . | . . . . Launcher 41 | . 23 7 11 Special . | . . . . Kinetic 37 | . 26 11 . Thermal . | . . . . Explosive 41 | . 23 7 11 Electromagnetic . | . . . . Robot Hit Streak 8 | . 8 5 3 Robot Miss Streak 2 | . 2 2 2 Penetration Max . | . . . . Secondary Targets . | . . . . Shots Hit Robots 38 | . 15 15 8 Core Hits 55 | . 31 7 17 Critical Kills . | . . . . Critical Parts Destroyed 2 | . . 2 . Critical Strikes 2 | . . 2 . Destroy 1 | . . 1 . Smash 1 | . . 1 . Melee Attacks 25 | . . 14 11 Impact 25 | . . 14 11 Slashing . | . . . . Piercing . | . . . . Sneak Attacks 4 | . . 3 1 Combat Hostiles . | . . . . Follow-up Attacks . | . . . . Damage Inflicted 2846 | 3 1584 447 812 Guns 136 | . 82 54 . Cannons . | . . . . Explosions 2363 | . 1483 172 708 Melee 325 | . . 221 104 Ramming 22 | 3 19 . . Kinetic 136 | . 82 54 . Thermal 256 | . 256 . . Explosive 2107 | . 1227 172 708 Electromagnetic . | . . . . Impact 325 | . . 221 104 Slashing . | . . . . Piercing . | . . . . Highest Corruption 6 | . . 6 . Average Corruption 6 | . . 6 . Corruption Purged . | . . . . Corruption Blocked . | . . . . Effects 2 | . . 2 . Message Errors 2 | . . 2 . Overload Shots . | . . . . Overflow Damage 288 | . 83 151 54 Projectiles . | . . . . Explosions 137 | . 83 . 54 Melee 151 | . . 151 . Knockbacks 2 | . . 1 1 Impact 2 | . . 1 1 Kinetic . | . . . . Secondary . | . . . . Self-Inflicted Damage 270 | . 81 14 175 Shots 9 | . 4 1 4 Rammed . | . . . . Targets Rammed 3 | 1 2 . . Kicked 3 | 1 2 . . Crushed . | . . . . Highest Temperature 74 | . 74 46 20 Average Temperature 22 | . 25 19 5 Received Heat Transfer 645 | . 141 135 369 Siege Activations . | . . . . Martial Activations . | . . . . Shielding Activations . | . . . . Robots Disrupted . | . . . . Combat Hostiles . | . . . . Robots Corrupted 2 | . . 2 . Combat Hostiles . | . . . . Parts Fried 7 | . . 7 . Impact Corruptions 6 | . . 6 . Robots Melted . | . . . . Combat Hostiles . | . . . . Parts Melted . | . . . . Heat Transferred 150 | . 150 . . Parts Sabotaged . | . . . . Parts Stolen . | . . . . Parts Stripped . | . . . . Power Chain Reactions . | . . . . Alert | -11 -10 -9 -8 ------- Run | Yrd Mat Mat Mat Maximum Alert Level 1 | . 1 . 1 Low Security (%) 76 | 100 71 100 46 Level 1 23 | . 28 . 53 Level 2 . | . . . . Level 3 . | . . . . Level 4 . | . . . . Level 5 . | . . . . High Security . | . . . . Max Security . | . . . . Peak Influence 311 | . 311 146 300 Initial 120 | . . 120 20 Average 122 | . 130 110 160 Influence Increases 1034 | . 471 140 423 Destroy 0b10 Robot/C 420 | . 220 40 160 Destroy 0b10 Robot/NC 70 | . 45 15 10 Destroy Leader 106 | . 54 20 32 Successful Hack 8 | . 4 . 4 Disable Machine 60 | . 30 . 30 Destroy Structure 220 | . 103 50 67 Partial Spotted 15 | . . 15 . Lose Combat Pursuer 135 | . 15 . 120 Influence Decreases 857 | . 184 377 296 Entered New Map 197 | . . 167 30 Time Decay 490 | . 174 190 126 Lost Part 170 | . 10 20 140 Squads Dispatched 4 | . 2 . 2 Investigation . | . . . . Extermination . | . . . . Reinforcement 4 | . 2 . 2 Assault . | . . . . Garrison . | . . . . Intercept . | . . . . Searches Triggered . | . . . . Construction Impeded . | . . . . Haulers Reinforced . | . . . . Active Scanning Responses . | . . . . Cargo Convoy Interrupts . | . . . . Stealth | -11 -10 -9 -8 --------- Run | Yrd Mat Mat Mat Distress Signals 7 | . 4 1 2 Communications Jammed . | . . . . Distress Signals . | . . . . Times Spotted 59 | . 22 7 30 Peak Tracking Total 10 | . 6 3 10 Tactical Retreats 5 | . 1 . 4 Traps | -11 -10 -9 -8 ------- Run | Yrd Mat Mat Mat Traps Triggered . | . . . . Indirectly . | . . . . Trap Hack Attempts . | . . . . Triggered . | . . . . Disarmed . | . . . . Reprogrammed . | . . . . Reused . | . . . . Traps Extracted . | . . . . Installed . | . . . . Triggered . | . . . . Machines | -11 -10 -9 -8 ---------- Run | Yrd Mat Mat Mat Machines Disabled 4 | . 2 . 2 Max in Single Turn 2 | . 2 . 1 Machines Repaired . | . . . . Machines Dismantled . | . . . . Machines Sabotaged . | . . . . Overloaded Fab Kills . | . . . . Hacking | -11 -10 -9 -8 --------- Run | Yrd Mat Mat Mat Machines Accessed 4 | . 1 1 2 Terminals 3 | . 1 . 2 Fabricators . | . . . . Repair Stations 1 | . . 1 . Recycling Units . | . . . . Scanalyzers . | . . . . Garrison Access . | . . . . Total Hacks 5 | . 1 1 3 Successful 3 | . 1 . 2 Failed 2 | . . 1 1 Catastrophic . | . . . . Database Lockouts . | . . . . Manual . | . . . . Terminals 4 | . 1 . 3 Fabricators . | . . . . Repair Stations 1 | . . 1 . Recycling Units . | . . . . Scanalyzers . | . . . . Garrison Access . | . . . . Terminal Hacks 3 | . 1 . 2 Record 1 | . . . 1 Locate Traps 1 | . . . 1 Dispatch Records 1 | . 1 . . Fabricator Hacks . | . . . . Repair Station Hacks . | . . . . Recycling Unit Hacks . | . . . . Scanalyzer . | . . . . Garrison Access Hacks . | . . . . Unauthorized Hacks . | . . . . Terminals . | . . . . Fabricators . | . . . . Repair Stations . | . . . . Recycling Units . | . . . . Scanalyzers . | . . . . Garrison Access . | . . . . Data Cores Recovered . | . . . . Used . | . . . . Hacking Detections 2 | . . . 2 Full Trace Events . | . . . . Feedback Events . | . . . . Feedback Blocked . | . . . . Robot Schematics Acquired . | . . . . Robots Built . | . . . . Authchips . | . . . . Time . | . . . . Total Robot Build Rating . | . . . . Part Schematics Acquired . | . . . . Parts Built . | . . . . Authchips . | . . . . Time . | . . . . Total Part Build Rating . | . . . . Part Studies Acquired . | . . . . Parts Repaired . | . . . . Time . | . . . . Parts Recycled . | . . . . Recycled Matter . | . . . . Retrieved Matter . | . . . . Retrieved Components . | . . . . Parts Scanalyzed . | . . . . Part Schematics Acquired . | . . . . Parts Damaged . | . . . . Bothacking | -11 -10 -9 -8 ------------ Run | Yrd Mat Mat Mat Used RIF Installer . | . . . . Robots Hacked . | . . . . Non-combat . | . . . . Combat . | . . . . Robot Hacks Applied . | . . . . Relay Couplers Released . | . . . . Fabnet Peak Effective % . | . . . . Robots Rewired . | . . . . Allies Hacked . | . . . . Hacks Repelled . | . . . . Allies | -11 -10 -9 -8 -------- Run | Yrd Mat Mat Mat Total Allies . | . . . . Largest Group . | . . . . Highest-Rated Group . | . . . . Highest-Rated Ally . | . . . . Total Orders . | . . . . Ally Attacks . | . . . . Total Damage . | . . . . Kills . | . . . . Allies Corrupted . | . . . . Allies Melted . | . . . . Intel | -11 -10 -9 -8 ------- Run | Yrd Mat Mat Mat Active Infowar (turns) 5 | . . . 5 Seismic 5 | . . . 5 Robot Analysis Total . | . . . . Derelict Logs Recovered . | . . . . Drone Launches . | . . . . Drone Recoveries . | . . . . Exploration | -11 -10 -9 -8 ------------- Run | Yrd Mat Mat Mat Turns Passed 1278 | 94 498 382 304 Spaces Moved 1291 | 84 344 361 502 Core 49 | 23 . 3 23 Treads . | . . . . Legs 516 | 61 344 111 . Wheels . | . . . . Hover . | . . . . Flight 726 | . . 247 479 Fastest Speed 31 | 50 120 34 31 Average Speed 77 | 100 120 78 43 Slowest Speed 360 | 120 120 360 280 Overloaded Moves . | . . . . Propulsion Burnouts . | . . . . Robots Hopped . | . . . . Potential Cave-ins 4 | . 4 . . Cave-ins Triggered 1 | . . 1 . Exploration Rate (%) 29 | 4 44 21 47 Regions Visited 3 Branch Regions . Pre-discovered Areas . | . . . . Known Exits Taken . | . . . . Unknown Exits Taken 3 | 1 1 1 . Scrap Searched . | . . . . Spaces Dug 33 | . . 11 22 Terrain Destroyed 240 | . 107 52 81 Melee 19 | . . 11 8 Projectile . | . . . . AOE 221 | . 107 41 73 Terrain Rammed . | . . . . Walls Destroyed . | . . . . Machines Disabled . | . . . . Actions | -11 -10 -9 -8 --------- Run | Yrd Mat Mat Mat Total 1450 | 90 383 418 559 Wait 11 | . . 8 3 Move 1288 | 83 343 360 502 Hop . | . . . . Pick Up 23 | 1 7 7 8 Fast Attach 15 | 5 1 3 6 Attach 14 | . 2 4 8 Detach 3 | . . . 3 Swap 4 | . 2 2 . Drop 16 | . . 9 7 Fire 48 | . 26 11 11 Melee 25 | . . 14 11 Ram . | . . . . Kick 3 | 1 2 . . Crush . | . . . . Escape Stasis . | . . . . Rewire . | . . . . Trap . | . . . . Miscellaneous . | . . . . Route ------- -11/Scrapyard -10/Materials -9/Materials -8/Materials History --------- Turn | Location | Event 12 | -11/Scrapyard | Discovered new exit (range 16) 95 | -11/Scrapyard | Entered Materials 313 | -10/Materials | Build established: Mutant 534 | -10/Materials | Discovered new exit (range 5) 593 | -10/Materials | Entered another Materials area 593 | -9/Materials | Evolved 2 slots: Propulsion x1, Utility x1 889 | -9/Materials | Crushed by falling debris 917 | -9/Materials | Discovered new exit (range 10) 975 | -9/Materials | Entered another Materials area 975 | -8/Materials | Evolved 2 slots: Propulsion x1, Utility x1 1127 | -8/Materials | Destroyed 8 combat bots 1143 | -8/Materials | Lost 3 parts (2p1n) 1208 | -8/Materials | Core integrity fell below 50% 1246 | -8/Materials | Lost 7 parts (4n1u2w) 1264 | -8/Materials | Core integrity fell below 20% 1279 | -8/Materials | Destroyed by G-47 Trooper with Particle Gun Last Messages --------------- 01218_ M-13 Machinist repairs G-50 Soldier Hvy. Laser. 01219_ Critical hit (Burn: +37). 01219_ U-05 Engineer lays Concrete. 01220_ The unstable cave ceiling collapses. 01220_ M-13 Machinist repairs G-50 Soldier Lgt. Angular Momentum Engine. 01220_ Slug penetrates T-07 Excavator. 01220_ T-07 Excavator destroyed. 01221_ ALERT: Hostiles spotted, dispatching reinforcements to Terminal M011. 01226_ Acquired Hvy. Flail. 01241_ Acquired Lgt. Deuterium Engine. 01257_ W-25 Informer sends out distress signal. 01262_ Flight Unit destroyed. 01270_ Penetrated by Slug. 01271_ Lgt. Deuterium Engine destroyed. 01275_ T-07 Excavator destroyed. 01276_ Acquired Xenon Bombardment Thruster. 01276_ K-01 Serf collects debris. Map ----- +----------------------------------------------------+ | ?????????????????????????????????????????????????? | | ?????????????????????????????????????????????????? | | ?????????????????????????????????????????????????? | | ####?????????????????????????????????????????????? | | # #?????????????????????????????????????????????? | | #?##??????????????????????????????????????????? | | ## #???###########?##########?????????????????? | | !!???? # ! #?# #?????????????????? | | !!???" # """ #?# #?????????????????? | | !?? ?" # """ #?# #?????????????????? | | ? "" # """ / #?# """ #?????????????????? | | # ### """""#?????????????????? | | ? = """ !# """ " " """""#?????????????????? | | ##? """ # """ ### """""#?????????????????? | | #?? """ # """ = #?# """ #???? ????????????? | | #???? # #?# #??? #???????????? | | #######+######+########;####a#### ##??????????? | | !%| g t #??????????? | | =!= o g #??????????? | | * g #??????????? | | k Y #??????????? | | =%= g #??????????? | | ########+######/######## ### #??????????? | | ?# #???????????# #??? #??????????? | | ?# ! #???????????# =!!!!#????? ??????????? | | ?# #???????????#=@!!!!#?????? ???????????? | | ##][! #???????????########??????????????????? | | # [ """ #?????????????????????????????????????? | | # [! "" #?????????????????????????????????????? | | # " #?????????????????????????????????????? | | ## #?????????????????????????????????????? | | ?# # #####?????????????????????????????????????? | | ?########????????????????????????????????????????? | | ### ##???????????????????????????????????????? | | ##??????????????????????????????????????? | | #??????????????????????????????????????? | | # #??????????????????????????????????????? | | ## ##????????????????????^????????????????? | | # # #?????????????????????????????????????? | | =# ##?????????????????????????????????????? | | # ! #??????????????????????????????????????? | | [ ! #####??????#+#?????????????????????????? | | =!!%!!! ?????????????????????????? | | ! ##### ##??# #?????????????????????????? | | # #########+###?# #?????????????????????????? | | #######????# #?# #?????????????????????????? | | # #??????# "" #?# #?????????????????????????? | | # "#??????# " ### #?????????????????????????? | | # T#??????# + ########??????????????????? | | # "#??????# ### # #??????????????????? | +----------------------------------------------------+ Best States ------------- Heat Dissipation 31 Energy Generation 14 Energy Capacity 250 Matter Stores 300 Matter Capacity 300 Sight Range 16 Terrain Scan Density 10 Additional Mass Support 6 Armor Coverage 150 Evasion (%) 63 Item Schematics ----------------- None Robot Schematics ------------------ None Fabricated ------------ Nothing Repaired ---------- Nothing Studied --------- None Alien Tech Used ----------------- None Achievements -------------- Ghost 'Em Resistances Are Futile Challenges ------------ None Game ------ Seed TerrainFissionLattice Manual? 0 Play Time 00:21:28 Cumulative 17.1 hours Start 2026.02.19 @ 14:47:32 End 2026.02.19 @ 15:11:30 Sessions 1 Manual Loads 0 Difficulty Rogue Special Mode None Game No. 42 Rogue 42 Adventurer 0 Explorer 0 Win Type - Total 0 Types 0/0/0/0/0/0/0/0/0/0 Lore% 5 Gallery% 17 Achievement% 13 Wizard Run 0 Options --------- Layout 1 ASCII 0 Keyboard 1 Movement Arrows Keybinds 0 Fullscreen 1 Font 32/SmallcapsGlow Map View 50x40 Zoom Use 0% Tactical HUD 1 Map Filters NONE Filters NONE Steam 1 RUN: bcc55c2b-30f4-48e0-9e0b-11998981db3d